 Dungeon Crawl Stone Soup version 0.29.1-12-g30fa7ad0bf (webtiles) character file.

Game seed: 11810294668606773348

404 croobank the Conjurer (level 6, 0/44 HPs)
             Began as a Demonspawn Conjurer on Jan 16, 2023.
             Slain by an ogre
             ... wielding a +0 giant spiked club
              (16 damage)
             ... on level 5 of the Dungeon.
             The game lasted 00:12:20 (4170 turns).

croobank the Conjurer (Demonspawn Conjurer)         Turns: 4170, Time: 00:12:20

Health: 0/44       AC:  5    Str:  7    XL:     6   Next: 56%
Magic:  10/10      EV: 13    Int: 19    God:
Gold:   103        SH:  4    Dex: 19    Spells: 5/11 levels left

rFire   . . .      SeeInvis .   p - +8 war axe of Ru's Respect {spect, rElec rCorr Int-3 Dex+8}
rCold   . . .      Faith    .   (no shield)
rNeg    . . .      Spirit   .   a - +0 robe
rPois   .          Reflect  .   (no helmet)
rElec   +          Harm     .   (no cloak)
rCorr   +          Rampage  .   n - +0 pair of gloves
Will    .....                   b - +1 pair of boots
Stlth   +++.......              (no amulet)
HPRegen 0.14/turn               (no ring)
MPRegen 0.12/turn               (no ring)

@: no status effects
A: hooves 1, condensation shield, demonic magic 1
a: no special abilities


You were on level 5 of the Dungeon.
You visited 1 branch of the dungeon, and saw 6 of its levels.

You collected 103 gold pieces.

Inventory:

Hand Weapons
 e - a +0 long sword
 f - a +0 sling
 i - a +0 dagger
 p - the +8 war axe of Ru's Respect (weapon) {spect, rElec rCorr Int-3 Dex+8}
   (You found it on level 3 of the Dungeon)

   When its wielder attacks, the weapon's spirit leaps out and strikes again.
   The spirit shares a part of any damage it takes with its wielder.
   Int:       It affects your intelligence (-3).
   Dex:       It affects your dexterity (+8).
   rElec:     It insulates you from electricity.
   rCorr:     It protects you from acid and corrosion.
Missiles
 o - 3 boomerangs of dispersal
 r - 6 poisoned darts
Armour
 a - a +0 robe (worn)
 b - a +1 pair of boots (worn)
 n - a +0 pair of gloves (worn)
 s - a +0 buckler
Scrolls
 l - a scroll of summoning {unknown}
 m - 2 scrolls of identify {unknown}
Potions
 c - a potion of haste {unknown}
 d - 2 potions of flight {unknown}
 g - a potion of mutation {unknown}
 h - 4 potions of curing {unknown}
 j - a potion of attraction {unknown}
 k - a potion of lignification {unknown}
 q - a potion of magic


   Skills:
 + Level 2.2 Fighting
 * Level 1.2 Axes
 + Level 3.1 Dodging
 + Level 3.3 Stealth
 + Level 3.2 Spellcasting
 + Level 4.9 Conjurations
 + Level 1.3 Hexes


You had 5 spell levels left.
You knew the following spells:

 Your Spells              Type           Power      Damage    Failure   Level
a - Magic Dart            Conj           84%        1d7       1%          1
b - Searing Ray           Conj           42%        2d6       3%          2
c - Dazzling Flash        Conj/Hex       30%        N/A       12%         3

Your spell library contained the following spells:

 Spells                   Type           Power      Damage    Failure   Level
 Fulminant Prism          Conj/Hex       7%         3d7       38%         4
 Iskenderun's Mystic Bla  Conj/Tloc      12%        2d5       47%         4


Dungeon Overview and Level Annotations

Branches:
Dungeon (6/15)
 Temple: D:4-7

Altars:

Shops:
D:6 ?

Annotations:
D:3 Terence


Innate Abilities, Weirdness & Mutations

You have large cloven feet.
A meltable shield of frost defends you. (SH +4)
Spells you cast may paralyse adjacent enemies.


Message History

s - a +0 buckler
There is a stone staircase leading up here.
You climb upwards.
The water moccasin hisses angrily.
The ufetubus shouts!
The ogre shouts!
You hear an angry hiss.
You hear a shout! x2
Found a twisted bone wand.
Found a stone staircase leading up.
There is a stone staircase leading down here.
An iguana comes into view.
Found a scroll labelled CUFYME DOANE.
Found a leather armour.
The ufetubus closely misses you. The ufetubus hits you.
You hit the water moccasin.
The water moccasin is moderately wounded.
You miss the ufetubus.
Your +8 war axe of Ru's Respect {spect, rElec rCorr Int-3 Dex+8} misses the ufetubus.
Your +8 war axe of Ru's Respect {spect, rElec rCorr Int-3 Dex+8} hits the water moccasin!
The water moccasin bites you! You block the ufetubus's attack.
The ufetubus hits you. The water moccasin barely misses you.
The ufetubus hits you. The ufetubus barely misses you.
You hit the water moccasin.
The water moccasin is severely wounded.
You hit the ufetubus.
Your +8 war axe of Ru's Respect {spect, rElec rCorr Int-3 Dex+8} hits the ufetubus!
You kill the ufetubus!
Your +8 war axe of Ru's Respect {spect, rElec rCorr Int-3 Dex+8} barely misses the water moccasin.
The water moccasin bites you. The water moccasin barely misses you.
You slash the water moccasin!
You kill the water moccasin!
You hit the iguana.
Your +8 war axe of Ru's Respect {spect, rElec rCorr Int-3 Dex+8} barely misses the iguana.
The iguana bites you! x2
Your Axes skill increases to level 1!
Your Dodging skill increases to level 3!
There is a stone staircase leading up, spattered with blood here.
You see here a water moccasin corpse.
You hit the iguana.
The iguana is heavily wounded.
Your +8 war axe of Ru's Respect {spect, rElec rCorr Int-3 Dex+8} hits the iguana!
You kill the iguana!
The ogre hits you with a +0 giant spiked club!
You die...

.. . # .......
....#. .#....?..
.......##.........
#.#.#[#.##........
...............#
#.#.#.#.......##
.......ยง/.......
#.#.#.#.#@<.......
.......>O..#....##
#.#.#.#.#.......#
.......#.....#
#.#.#.#.......# ..
#######....... #.
###.#.. # ..


You could see an ogre.

Vanquished Creatures
  A water moccasin (D:5)
  A scorpion (D:3)
  A hound (D:4)
  An iguana (D:5)
  2 orc wizards (D:2)
  Robin (D:2)
  3 gnolls (D:2)
  An adder (D:6)
  An ufetubus (D:5)
  5 dart slugs
  3 orcs (D:2)
  4 ball pythons
  4 bats
  6 endoplasms
  3 giant cockroaches
  12 goblins
  5 hobgoblins
  8 jackals
  4 kobolds
  A quokka (D:4)
  5 frilled lizards
  4 rats
76 creatures vanquished.

Notes
Turn   | Place    | Note
-------+----------+-------------------------------------------
     0 | D:1      | croobank the Demonspawn Conjurer began the quest for the
                  | Orb.
     0 | D:1      | Reached XP level 1. HP: 13/13 MP: 3/3
   189 | D:1      | Gained mutation: Spells you cast may paralyse adjacent
                  | enemies. [demonic ancestry]
   189 | D:1      | Reached XP level 2. HP: 19/19 MP: 0/5
   242 | D:1      | Learned a level 2 spell: Searing Ray
   598 | D:1      | Found a faded altar of an unknown god.
  1192 | D:2      | Noticed Robin
  1202 | D:2      | Gained mutation: A meltable shield of frost defends you.
                  | (SH +4) [demonic ancestry]
  1202 | D:2      | Reached XP level 3. HP: 25/25 MP: 0/6
  1512 | D:2      | Reached skill level 1 in Fighting
  1513 | D:2      | Reached XP level 4. HP: 14/32 MP: 3/7
  2091 | D:2      | Killed Robin
  2151 | D:1      | Learned a level 3 spell: Dazzling Flash
  2156 | D:2      | Gained mutation: You have large cloven feet. [demonic
                  | ancestry]
  2156 | D:2      | Reached XP level 5. HP: 29/37 MP: 4/9
  3735 | D:3      | Noticed Terence
  3907 | D:3      | Identified the +8 war axe of Ru's Respect {spect, rElec
                  | rCorr Int-3 Dex+8}
  4055 | D:4      | Reached skill level 1 in Hexes
  4109 | D:4      | You fall into a shaft and drop 2 floors!
  4117 | D:6      | Found Rippam's Magic Scroll Shop.
  4124 | D:6      | Reached XP level 6. HP: 44/44 MP: 10/10
  4162 | D:5      | Entered Level 5 of the Dungeon
  4162 | D:5      | Noticed a water moccasin
  4167 | D:5      | Killed a water moccasin
  4168 | D:5      | Reached skill level 1 in Axes
  4170 | D:5      | Slain by an ogre

Illustrated notes

Levels and vault maps discovered:
D:1:      minmay_arrival_checkered_box, layout_loops_cross,
          dreamdust_ecumenical_altar_statues
D:2:      layout_basic, serial_aquarium, aquarium_bridge_square
          [aquarium_subvault_window, aquarium_subvault_balcony,
          aquarium_subvault_bridge, aquarium_subvault_wall],
          aquarium_bridge_square [aquarium_subvault_bridge,
          aquarium_subvault_wall, aquarium_subvault_bridge,
          aquarium_subvault_wall], aquarium_window_fake, aquarium_window_2,
          aquarium_window_1, aquarium_window_1, aquarium_view_2c,
          aquarium_view_2e, uniq_robin
D:3:      layout_basic, minivault_14, uniq_terence
D:4:      layout_basic, nicolae_hepliaklqana_monster_ancestors, uniq_ijyb
D:5:      layout_rooms, gammafunk_temple_overflow_elements,
          grunt_temple_overflow_open, st_stairs_9, dk_vineyard_3,
          uniq_prince_ribbit1, uniq_pikel, uniq_duvessa
D:6:      layout_basic, mainiacjoe_overflow_surrounded_room, serial_shops,
          nicolae_shop_waterfront, nicolae_shop_overgrown_old_shop,
          shop_fountains, nicolae_stop_n_shop_2

Skill      XL: |  1  2  3  4  5  6 |
---------------+-------------------+-----
Dodging        | 2 3 |  3.1
Stealth        | 2 3 |  3.3
Fighting       | 1 2 |  2.2
Spellcasting   | 3 |  3.2
Hexes          | 1 |  1.3
Axes           | 1 |  1.2
Conjurations   | |  4.9

Action                   |  1- 3 |  4- 6 || total
-------------------------+-------+-------++-------
Melee: Long sword        |    33 |    11 ||    44
       Dagger            |       |     9 ||     9
       War axe           |       |     9 ||     9
 Cast: Magic Dart        |    28 |    32 ||    60
       Searing Ray       |    10 |    17 ||    27
       Dazzling Flash    |       |     1 ||     1
  Use: Potion            |     1 |       ||     1
 Stab: Sleeping          |     2 |     1 ||     3
       Paralysed         |     1 |     1 ||     2
       Invisible         |       |     1 ||     1
Armor: Robe              |     6 |     8 ||    14
Dodge: Dodged            |    22 |    29 ||    51
Block: Other             |     3 |     6 ||     9
